Map: World of Sleepers LE

Players

Elazer - Winner!

  • Race: Zerg Zerg
  • Spawn Location: 1:00

Clem

  • Race: Terran Terran
  • Spawn Location: 7:00

VOD

Have the link to the VOD?

Description

Time

  • Played on: Sept. 6, 2019, 7:57 p.m.
  • Length: 17:09
Show
View Real Time Build Order
Export as new Build Order

Elazer Zerg - Winner!

Build Orders: Hatch First, Muta Ling Bane 

Get SALT Encoding   

  12  0:00  Drone  
  13  0:12  Overlord  
  13  0:18  Drone  
  14  0:31  Drone x2  
  16  0:49  Hatchery  
  15  0:51  Drone  
  15  0:55  Drone  
  17  0:58  Drone  
  18  1:09  Extractor  
  17  1:13  Spawning Pool  
  17  1:16  Drone  
  17  1:19  Drone  
  18  1:31  Drone  
  19  1:39  Drone  
  20  1:50  Drone  
  21  2:00  Queen x2  
  26  2:01  Zergling x4  
  27  2:14  Hatchery  
  26  2:18  Overlord  
  26  2:22  Drone  
  27  2:23  Drone  
  28  2:34  Metabolic Boost  
  28  2:38  Drone x3  
  31  2:45  Queen  
  33  2:52  Overlord  
  33  2:54  Drone x2  
  33  2:57  Drone  
  36  3:10  Drone x5  
  41  3:17  Drone  
  41  3:19  Overlord  
  42  3:21  Queen  
  42  3:25  Queen  
  47  3:34  Zergling x4  
  47  3:40  Drone x6  
  51  3:43  Drone  
  51  3:47  Drone  
  52  3:49  Drone  
  52  3:54  Overlord  
  53  3:59  Drone x4  
  53  4:02  Lair  
  53  4:04  Drone  
  53  4:08  Queen  
  56  4:11  Overlord  
  56  4:16  Zergling x4  
  58  4:19  Zergling x2  
  58  4:20  Zergling x4  
  58  4:22  Zergling x2  
  58  4:23  Zergling x2  
  63  4:27  Overlord  
  63  4:33  Drone x5  
  63  4:37  Drone x4  
  72  4:41  Baneling Nest  
  72  4:42  Extractor  
  72  4:44  Extractor  
  72  4:45  Drone x2  
  71  4:47  Drone x2  
  73  4:55  Drone x4  
  73  4:58  Drone  
  76  5:04  Drone  
  76  5:05  Drone x2  
  77  5:08  Zergling x6  
  77  5:17  Unknown, Drone x2  
  77  5:19  Drone  
  77  5:21  Drone x3  
  82  5:26  Centrifical Hooks  
  82  5:28  Evolution Chamber x2  
  79  5:30  Drone x2  
  79  5:32  Drone  
  81  5:38  Overlord  
  81  5:39  Hatchery  
  80  5:43  Extractor  
  80  5:44  Spire  
  80  5:45  Drone x3  
  80  5:48  Hatchery  
  80  5:49  Overlord  
  79  5:54  Zerg Melee Weapons Level 1  
  79  5:55  Zergling x4  
  81  5:59  Zerg Ground Armor Level 1  
  81  6:00  Zergling x10  
  86  6:07  Drone x4  
  86  6:10  Drone  
  91  6:13  Drone x4  
  91  6:15  Drone x2  
  97  6:20  Burrow  
  97  6:21  Overlord  
  97  6:25  Overlord  
  97  6:27  Baneling x6  
  97  6:31  Overlord x2  
  96  6:41  Zergling x2  
  96  6:42  Zergling x14  
  104  6:50  Extractor  
  104  6:52  Drone x3  
  104  6:53  Baneling x2  
  104  6:54  Baneling  
  106  6:59  Mutalisk x6  
  118  7:02  Mutalisk, Overlord  
  118  7:05  Overlord  
  119  7:13  Mutalisk  
  119  7:14  Mutalisk  
  123  7:19  Overlord  
  123  7:21  Zergling x2  
  123  7:22  Zergling x22  
  135  7:24  Mutalisk  
  135  7:26  Zerg Flyer Weapons Level 1  
  135  7:28  Overlord  
  135  7:29  Overlord  
  137  7:32  Hatchery  
  136  7:38  Mutalisk x2  
  136  7:43  Mutalisk  
  140  7:46  Zergling x24  
  152  7:52  Overlord  
  152  7:54  Zerg Ground Armor Level 2  
  152  7:56  Drone x3  
  152  7:57  Extractor  
  153  8:00  Zergling x2  
  153  8:01  Zergling x6  
  153  8:04  Zerg Melee Weapons Level 2  
  157  8:07  Zergling x12  
  157  8:11  Overlord  
  163  8:16  Zergling x18  
  163  8:19  Zergling x2  
  173  8:20  Overlord  
  173  8:23  Infestation Pit  
  172  8:28  Zergling x2  
  172  8:29  Overlord  
  172  8:33  Baneling  
  172  8:34  Baneling x20  
  171  8:36  Zergling x10  
  171  8:39  Unknown  
  173  8:45  Zergling x16  
  157  8:51  Drone  
  157  8:52  Drone x2  
  157  8:53  Drone x6  
  157  8:55  Drone x2  
  168  8:56  Drone  
  168  9:02  Drone x2  
  171  9:05  Hive  
  171  9:09  Baneling x7  
  171  9:13  Zergling x6  
  174  9:17  Zergling x8  
  174  9:19  Hatchery  
  174  9:22  Zergling x12  
  183  9:30  Zergling x2  
  183  9:31  Zergling x16  
  186  9:39  Pneumatized Carapace  
  186  9:40  Overseer x2  
  186  9:44  Mutalisk  
  186  9:45  Mutalisk x5  
  195  9:48  Spore Crawler, Drone x3  
  195  9:55  Drone x4  
  195  9:57  Spore Crawler  
  195  9:58  Spore Crawler  
  190  10:04  Zergling x12  
  191  10:21  Spore Crawler, Adrenal Glands  
  190  10:22  Ultralisk Cavern  
  190  10:23  Greater Spire  
  190  10:26  Zerg Ground Armor Level 3, Zerg Melee Weapons Level 3  
  189  10:30  Drone x6  
  189  10:32  Zergling x8  
  199  10:38  Baneling x11  
  187  10:51  Drone x4  
  191  10:59  Zergling x20  
  185  11:13  Chitinous Plating  
  177  11:29  Ultralisk  
  177  11:30  Ultralisk x3  
  193  11:47  Ultralisk x2  
  193  11:50  Nydus Network  
  193  11:51  Nydus Network  
  179  12:08  Ultralisk x2  
  179  12:09  Zergling x16  
  179  12:13  Baneling x15  
  199  12:17  Overseer  
  199  12:18  Overseer  
  199  12:21  Drone x6  
  193  12:32  Anabolic Synthesis  
  183  12:40  Nydus Canal x2  
  183  12:41  Zergling x18  
  183  12:42  Zergling x16  
  200  12:47  Nydus Canal  
  200  12:48  Nydus Canal  
  200  12:54  Zerg Flyer Armor Level 1  
  194  13:01  Zergling x2, Extractor  
  194  13:02  Zergling x4  
  183  13:15  Drone x5  
  183  13:21  Corruptor x5  
  183  13:22  Overlord x3  
  189  13:30  Nydus Canal x2  
  183  13:35  Drone x3  
  183  13:36  Drone x5  
  183  13:38  Ultralisk x2  
  162  13:50  Ultralisk x5  
  172  13:59  Mutalisk x6  
  172  14:01  Zergling x2  
  172  14:02  Zergling x2  
  186  14:06  Drone x4  
  190  14:11  Ultralisk  
  196  14:20  Zergling x6  
  199  14:31  Overlord  
  199  14:32  Overlord x2  
  198  14:45  Baneling x9  
  194  15:01  Hatchery  
  194  15:06  Zergling x18  
  194  15:07  Zergling x24  
  170  15:16  Ultralisk x5  
  170  15:18  Zergling x2  
  181  15:36  Ultralisk  
  181  15:37  Ultralisk  
  178  15:46  Ultralisk x3  
  195  15:54  Corruptor x2  
  195  15:56  Zergling x2  
  200  16:02  Drone, Extractor  
  200  16:03  Spore Crawler, Drone  
  200  16:04  Spore Crawler  
  199  16:05  Baneling  
  199  16:06  Baneling x17  
  199  16:09  Overseer x2  
  180  16:35  Corruptor  
  180  16:36  Corruptor x4  
  180  16:38  Zergling x38  
  196  16:43  Drone x4  
  191  16:47  Zergling x10  
Show
View Real Time Build Order
Export as new Build Order

Clem Terran 

Build Orders: Gas First Reaper Expand, Liberator Opening 

Get SALT Encoding   

  12  0:01  SCV  
  13  0:13  SCV  
  14  0:17  Supply Depot  
  14  0:25  SCV  
  15  0:30  Refinery  
  15  0:38  SCV  
  16  0:44  Barracks  
  16  0:50  SCV  
  17  1:03  SCV  
  18  1:15  SCV  
  19  1:30  Orbital Command  
  19  1:31  Reaper  
  20  1:42  Command Center  
  20  1:53  Factory  
  20  1:57  SCV  
  21  2:07  Barracks Reactor  
  21  2:09  SCV  
  21  2:12  Supply Depot  
  22  2:18  Refinery  
  22  2:21  SCV  
  23  2:34  SCV  
  24  2:44  Starport  
  24  2:46  SCV  
  24  2:48  Hellion x2  
  29  2:56  Orbital Command  
  29  3:00  Marine, SCV  
  29  3:05  Liberator  
  31  3:10  Hellion  
  31  3:11  Hellion  
  35  3:14  SCV  
  36  3:23  SCV  
  40  3:28  SCV  
  41  3:36  SCV  
  41  3:38  Hellion, Supply Depot  
  41  3:40  SCV  
  43  3:43  Hellion  
  43  3:48  Barracks Tech Lab  
  43  3:49  SCV  
  43  3:52  SCV  
  45  3:59  Hellion  
  45  4:01  SCV  
  45  4:02  Supply Depot  
  45  4:04  SCV  
  45  4:08  Stimpack, Hellion  
  46  4:13  SCV  
  47  4:24  SCV  
  47  4:25  Command Center, Supply Depot  
  47  4:27  SCV  
  47  4:29  Starport Reactor  
  49  4:32  Marine  
  49  4:37  Factory Tech Lab  
  50  4:40  SCV  
  50  4:41  Barracks  
  50  4:45  SCV  
  52  4:47  Barracks  
  52  4:53  SCV, Engineering Bay x2  
  50  5:03  Marine  
  50  5:04  Siege Tank, SCV  
  50  5:05  SCV  
  50  5:15  Refinery  
  50  5:16  SCV, Refinery  
  50  5:17  SCV  
  50  5:20  Starport Reactor  
  49  5:21  Supply Depot  
  49  5:24  Marine  
  49  5:28  SCV  
  50  5:29  SCV  
  50  5:30  Marine x2  
  50  5:32  Terran Infantry Weapons Level 1  
  50  5:34  Terran Infantry Armor Level 1  
  53  5:38  Siege Tank  
  53  5:40  SCV  
  53  5:42  Marine  
  58  5:43  Orbital Command  
  58  5:44  Marine  
  58  5:46  Marine  
  58  5:48  Marine x2  
  62  5:52  SCV  
  62  5:53  Combat Shield  
  62  5:54  SCV  
  64  5:59  Medivac x2  
  64  6:04  Marine x2, SCV, Orbital Command  
  70  6:06  SCV  
  70  6:10  Barracks  
  72  6:12  Barracks  
  72  6:17  Supply Depot  
  72  6:18  SCV x2  
  73  6:22  Siege Tank  
  73  6:25  Marine  
  78  6:26  Marine x2  
  78  6:29  Marine  
  78  6:30  SCV x2  
  83  6:33  SCV  
  83  6:34  Supply Depot  
  83  6:36  Armory  
  84  6:41  Marine  
  84  6:42  SCV x2  
  84  6:45  SCV  
  88  6:49  Unknown  
  88  6:50  Factory  
  88  6:51  Marine x2  
  88  6:52  Marine x2  
  92  6:54  SCV  
  92  6:56  SCV  
  92  6:58  Medivac x2  
  98  7:02  Siege Tank  
  98  7:05  Barracks Reactor  
  101  7:11  Barracks Reactor  
  101  7:15  Supply Depot  
  101  7:20  Supply Depot  
  101  7:21  Marine x5  
  101  7:22  SCV x3  
  109  7:23  Supply Depot  
  109  7:25  Drilling Claws  
  109  7:28  Terran Infantry Weapons Level 2  
  109  7:36  SCV x3, Missile Turret  
  112  7:38  Missile Turret  
  112  7:39  Marine x3, Missile Turret  
  112  7:41  Marine x2  
  112  7:43  Marine x2  
  105  7:44  Factory Reactor  
  105  7:48  Marine  
  105  7:50  Thor  
  112  7:51  Marine  
  112  7:57  Marine  
  114  7:59  Marine x4  
  114  8:01  Marine, Terran Infantry Armor Level 2  
  114  8:03  Supply Depot  
  114  8:05  Medivac  
  119  8:08  Medivac  
  119  8:10  Marine  
  122  8:16  Marine x2  
  122  8:19  Marine x2  
  126  8:21  Supply Depot  
  126  8:22  Widow Mine x2  
  129  8:27  Command Center  
  126  8:35  Widow Mine  
  126  8:36  Marine x2  
  126  8:38  Marine x3  
  126  8:39  Supply Depot x2  
  132  8:43  Widow Mine  
  132  8:44  Widow Mine  
  132  8:47  Marine  
  132  8:48  Marine, SCV  
  122  8:52  Marine x2, Terran Vehicle And Ship Armor Level 1  
  122  8:53  Refinery  
  122  8:55  Marine x2  
  127  8:56  Marine x3  
  127  8:58  Supply Depot  
  127  8:59  SCV  
  127  9:01  SCV  
  132  9:03  Widow Mine  
  132  9:05  Marine  
  132  9:09  Marine  
  136  9:10  Marine x2  
  136  9:11  Widow Mine x2  
  136  9:12  Medivac  
  136  9:13  Medivac  
  146  9:21  SCV x3  
  148  9:24  Widow Mine  
  148  9:28  Marauder, Refinery  
  151  9:32  Widow Mine x2  
  151  9:33  Marine x2, SCV  
  158  9:39  Marine  
  157  9:46  Widow Mine  
  157  9:50  Marauder  
  161  9:53  Marine x2, Barracks, Widow Mine x2  
  161  9:54  Marine x2, Barracks  
  161  9:55  Barracks  
  161  9:57  Medivac x2  
  173  10:00  Marine x2  
  173  10:04  SCV  
  173  10:06  SCV  
  177  10:07  Widow Mine  
  177  10:09  Supply Depot  
  177  10:11  Marauder  
  179  10:14  Marine  
  179  10:15  Widow Mine  
  179  10:16  SCV  
  179  10:17  Planetary Fortress  
  181  10:23  Missile Turret  
  181  10:24  Widow Mine  
  181  10:25  SCV  
  181  10:28  Missile Turret  
  184  10:30  Thor  
  184  10:32  Marine x3, Marauder  
  184  10:33  Marine  
  196  10:36  Marine x2  
  196  10:39  Widow Mine  
  196  10:42  Barracks Tech Lab x2  
  191  10:47  Supply Depot  
  191  10:49  Supply Depot  
  190  10:50  SCV  
  190  10:51  SCV x2  
  190  10:54  SCV, Marauder  
  190  10:55  Widow Mine  
  190  10:57  Marine  
  190  10:59  Marine x2  
  190  11:02  Marine, SCV  
  192  11:08  Marine x2, Widow Mine  
  192  11:09  Barracks Tech Lab  
  192  11:10  Marine  
  185  11:12  Barracks Tech Lab  
  185  11:13  Barracks Tech Lab  
  185  11:15  Marauder, Widow Mine  
  185  11:18  Supply Depot, Refinery  
  189  11:19  Command Center, SCV, Starport, Refinery  
  189  11:20  SCV  
  189  11:21  SCV, Starport  
  189  11:24  Widow Mine  
  189  11:25  SCV  
  195  11:26  Missile Turret  
  195  11:28  Marauder  
  195  11:31  Concussive Shells  
  195  11:32  Marine, Marauder x2  
  185  11:34  Widow Mine  
  185  11:35  Medivac  
  185  11:36  Marauder, Widow Mine  
  185  11:38  SCV  
  193  11:46  Widow Mine  
  194  11:49  Command Center  
  194  11:51  Marine x4, Marauder  
  200  11:58  Starport Reactor, Starport Tech Lab  
  200  12:00  Fusion Core  
  200  12:02  Widow Mine  
  200  12:07  Marine, Marauder  
  197  12:10  Widow Mine  
  197  12:13  Marine  
  200  12:17  Terran Infantry Weapons Level 3  
  200  12:18  Terran Infantry Armor Level 3  
  200  12:26  Command Center  
  200  12:31  Marine  
  200  12:34  SCV, Marauder  
  190  12:44  Marine, Marauder  
  190  12:45  Barracks Tech Lab  
  190  12:47  SCV  
  194  12:53  Marine, Marauder  
  194  12:56  Widow Mine  
  197  12:59  Marauder  
  197  13:01  Ghost Academy  
  197  13:04  Command Center  
  190  13:05  Widow Mine  
  190  13:06  Marine x4, Marauder x2, Widow Mine  
  190  13:15  Marauder  
  190  13:16  Command Center  
  190  13:19  Liberator, Widow Mine  
  184  13:21  Marauder  
  184  13:22  Liberator, SCV  
  184  13:23  Orbital Command  
  173  13:27  Widow Mine  
  173  13:33  Marauder x2  
  167  13:36  Marauder  
  167  13:40  Widow Mine  
  162  13:42  Marauder  
  162  13:44  Orbital Command  
  158  13:48  Widow Mine  
  158  13:52  Marine x3  
  158  13:54  Marauder  
  158  13:55  Marine x2, Marauder  
  158  13:57  Marauder  
  158  13:58  Liberator  
  158  13:59  Liberator  
  158  14:01  Widow Mine  
  163  14:03  Marauder  
  163  14:05  Marine x3  
  170  14:10  Marine, Widow Mine  
  170  14:12  Liberator  
  170  14:13  Missile Turret  
  177  14:21  Liberator x2  
  175  14:37  Widow Mine  
  175  14:38  Factory Reactor  
  174  14:41  Liberator  
  174  14:42  Liberator  
  180  14:50  Planetary Fortress  
  180  14:52  Ghost x2  
  180  14:57  Orbital Command  
  185  15:01  Widow Mine  
  185  15:02  Marauder  
  185  15:03  SCV x2  
  164  15:12  Medivac  
  164  15:14  Marine x3  
  143  15:17  Marine x2  
  143  15:19  Marine  
  127  15:27  Marine x5  
  122  15:32  Marine x2  
  115  15:38  Marine  
  115  15:41  Widow Mine  
  115  15:42  Marine x3  
  112  15:46  Marine x2  
  112  15:47  Marine  
  112  15:49  Missile Turret  
  115  15:50  SCV x3  
  115  15:51  SCV, Missile Turret  
  115  15:52  SCV  
  120  15:58  SCV, Missile Turret  
  120  16:00  Liberator  
  120  16:02  Liberator  
  120  16:03  Ghost x2  
  125  16:08  Widow Mine x3  
  125  16:09  SCV  
  135  16:23  SCV x2  
  135  16:25  Ghost  
  122  16:29  Widow Mine  
  122  16:30  Marine x2  
  121  16:35  Orbital Command  
  121  16:38  Ghost  
  107  16:41  Widow Mine  
  107  16:45  SCV  
  107  16:46  SCV x2  
  107  16:50  Marine x2  
  107  16:51  Marine x2  
Tags
 
Add a new tag
Caveats
  • Supply blocks, unpowered buildings, or Contaminate may cause inaccurate times.
  • Supply counts are checked every 10 seconds.